 Dungeon Crawl Stone Soup version 0.28-a0-381-g937acc2988 (webtiles) character file.

Game seed: 12302785354381357434

189 swashedbuckles the Slasher (level 5, -11/38 HPs)
             Began as a Demonspawn Gladiator on Sept 1, 2021.
             Killed by nerve-wracking pain
             ... invoked by an orc priest
              (14 damage)
             ... on level 3 of the Dungeon.
             The game lasted 00:06:51 (2739 turns).

swashedbuckles the Slasher (Demonspawn Gladiator)   Turns: 2739, Time: 00:06:52

Health: -11/38     AC:  5    Str: 15    XL:     5   Next: 40%
Magic:  5/5        EV: 12    Int: 10    God:
Gold:   137        SH:  0    Dex: 22    Spells: 4/4 levels left

rFire   . . .      SeeInvis .   m - +0 scimitar
rCold   . . .      Faith    .   (no shield)
rNeg    . . .      Spirit   .   f - +0 ring mail
rPois   .          Reflect  .   (helmet restricted)
rElec   .          Harm     .   (no cloak)
rCorr   .          Rampage  .   (no gloves)
Will    .....                   (no boots)
Stlth   ++........              (no amulet)
HPRegen 0.12/turn               g - +6 ring of dexterity
MPRegen 0.09/turn               (no ring)

@: no status effects
A: antennae 1, thin skeletal structure 1, spiny 1
a: no special abilities


You were on level 3 of the Dungeon.
You visited 1 branch of the dungeon, and saw 3 of its levels.

You collected 137 gold pieces.

Inventory:

Hand Weapons
 a - a +0 long sword
 m - a +0 scimitar (weapon)
Missiles
 d - 3 throwing nets (quivered)
Armour
 b - a +0 leather armour
 c - a +0 helmet
 f - a +0 ring mail (worn)
Jewellery
 g - a +6 ring of dexterity (left hand)
Scrolls
 e - 2 scrolls of enchant armour {unknown}
 h - a scroll of identify {unknown}
 i - 2 scrolls of immolation {unknown}
 l - a scroll of enchant weapon {unknown}
 o - 3 scrolls of teleportation {unknown}
Potions
 j - a potion of brilliance {unknown}
 k - a potion of heal wounds {unknown}
 n - 3 potions of berserk rage {unknown}


   Skills:
 + Level 2.3 Fighting
 + Level 4.5 Long Blades
 + Level 1.8 Throwing
 + Level 2.0 Armour
 + Level 3.2 Dodging
 + Level 0.4 Stealth


You had 4 spell levels left.
You didn't know any spells.
Your spell library contained the following spells:

 Spells                   Type           Power      Damage    Failure   Level
 Leda's Liquefaction      Hex/Erth       0%         N/A       100%        4
 Bolt of Magma            Conj/Fire/Erth 0%         4d4       100%        5
 Statue Form              Tmut/Erth      0%         N/A       100%        6


Dungeon Overview and Level Annotations

Branches:
Dungeon (3/15)

Altars:
Elyvilon


Innate Abilities, Weirdness & Mutations

You have a pair of small antennae on your head.
You have a somewhat thin skeletal structure. (Dex +2, Stealth+)
You are partially covered in sharp spines.


Message History

The orc priest is severely wounded.
The orc priest begins to cast a cantrip, but forgets the words!
The orc priest invokes the aid of Beogh against you.
Beogh smites you! The orc hits you but does no damage.
The quokka closely misses you.
You slash the orc priest!
You kill the orc priest!
The orc hits you with a +0 hand axe. The orc closely misses you.
The quokka bites you but does no damage.
The orc is struck by your spines. The orc hits you with a +0 hand axe.
The orc is struck by your spines.
You kill the orc!
Your Armour skill increases to level 2!
You closely miss the orc priest. The quokka bites you.
The orc is struck by your spines.
You kill the orc!
The orc priest casts a cantrip, but nothing happens.
The quokka barely misses you.
You closely miss the orc priest.
The quokka bites you but does no damage.
The orc priest is struck by your spines.
The orc priest closely misses you. The orc priest hits you with a +0 mace.
* * * LOW HITPOINT WARNING * * *
Unknown command.
You closely miss the orc priest. The quokka is struck by your spines.
The quokka closely misses you.
The orc priest is struck by your spines.
The orc priest misses you.
The orc priest hits you but does no damage.
Unknown command.
You hit the orc priest.
The orc priest is heavily wounded.
The quokka is struck by your spines.
You kill the quokka!
The orc priest mumbles some strange prayers to Beogh against you.
Pain shoots through your body!
* * * LOW HITPOINT WARNING * * *
The orc priest mumbles some strange prayers to Beogh against you.
Pain shoots through your body!
You die...

##.###.#.#...........
##.....#.######.#.#..
########.# ..#######
########.# #. #.# ###
##.######....
#.##............
#.......))......
##......@.......
.........oo......
##...............
##..........#...
#..............
#..........#.#.
#......(.......
#..........#.#.


You could see 2 orc priests.

Vanquished Creatures
  An orc priest (D:3)
  Jessica (D:2)
  4 gnolls (D:2)
  2 adders (D:2)
  A worm (D:3)
  A dart slug (D:1)
  4 orcs
  8 ball pythons
  6 bats
  7 endoplasms
  A giant cockroach (D:1)
  11 goblins
  8 hobgoblins
  A kobold (D:1)
  2 quokkas
  2 frilled lizards (D:2)
  6 rats
66 creatures vanquished.

Notes
Turn   | Place    | Note
-------+----------+-------------------------------------------
     0 | D:1      | swashedbuckles the Demonspawn Gladiator began the quest for
                  | the Orb.
     0 | D:1      | Reached XP level 1. HP: 16/16 MP: 1/1
    51 | D:1      | Found a faded altar of an unknown god.
   536 | D:1      | Gained mutation: You are partially covered in sharp spines.
                  | [demonic ancestry]
   536 | D:1      | Reached XP level 2. HP: 19/22 MP: 2/2
   538 | D:1      | Reached skill level 3 in Long Blades
  1076 | D:1      | Gained mutation: You have a pair of small antennae on your
                  | head. [demonic ancestry]
  1076 | D:1      | Reached XP level 3. HP: 17/27 MP: 3/3
  1612 | D:2      | Reached skill level 1 in Armour
  1964 | D:2      | Gained mutation: You have a somewhat thin skeletal
                  | structure. (Dex +2, Stealth+) [demonic ancestry]
  1964 | D:2      | Reached XP level 4. HP: 29/33 MP: 4/4
  1970 | D:2      | Reached skill level 4 in Long Blades
  2241 | D:2      | Noticed Jessica
  2246 | D:2      | Killed Jessica
  2574 | D:3      | Reached XP level 5. HP: 38/38 MP: 5/5
  2739 | D:3      | Killed from afar by an orc priest

Illustrated notes

Levels and vault maps discovered:
D:1:      arrival_zaba_pyramid, layout_basic, shapermc_ecumenical_altar_pompeii,
          minmay_heptomino_w4
D:2:      layout_basic, minmay_tripent, uniq_jessica
D:3:      layout_basic, mainiacjoe_overflow_alcove_4,
          nicolae_dithmenos_shadow_blocks, serial_co_window_serial,
          co_window_paths_a, co_window_of_opportunity_a, co_window_paths_a,
          co_window_paths_a, co_window_of_opportunity_a, co_window_corner_a,
          co_window_paths_c, co_window_corner_cb, co_window_2corner,
          glass_columns_b, glass_columns_a, glass_columns_a, uniq_robin

Skill      XL: |  1  2  3  4  5 |
---------------+----------------+-----
Dodging        | 3 |  3.2
Long Blades    | 3 4 |  4.5
Armour         | 1 2 |  2.0
Fighting       | |  2.3
Throwing       | |  1.8
Stealth        | |  0.4

Action                   |  1- 3 |  4- 6 || total
-------------------------+-------+-------++-------
Melee: Long sword        |    48 |       ||    48
       Scimitar          |    11 |    34 ||    45
Armor: Leather armour    |     3 |       ||     3
       Ring mail         |    17 |    11 ||    28
Dodge: Dodged            |    41 |    24 ||    65

Table legend: (Time is in decaauts)
 A = Elapsed time spent in this place.
 B = Non-inter-level travel time spent in this place.
 C = Inter-level travel time spent in this place.
 D = Time resting spent in this place.
 E = Time spent auto-exploring this place.
 F = Levels seen in this place.
 G = Mean time per level.
                   A        B        C        D        E       F      G
               +--------+--------+--------+--------+--------+-----+--------+
         Total |   2760 |   2757 |      3 |    458 |    828 |   3 |  920.0 |
       Dungeon |   2760 |   2757 |      3 |    458 |    828 |   3 |  920.0 |
               +--------+--------+--------+--------+--------+-----+--------+

Top non-repeatable levels by time:
     D:1: 1530 daAuts
     D:2: 1116 daAuts
     D:3: 114 daAuts
